 Dungeon Crawl Stone Soup version 0.30-a0-782-ge64f9170bb (webtiles) character file.

Game seed: 5056039950109677182

200 Dirtsage the Ruffian (level 5, -1/41 HPs)
             Began as a Demonspawn Fighter on Feb 24, 2023.
             Slain by an orc priest
             ... wielding a +0 hand axe
              (2 damage)
             ... on level 3 of the Dungeon.
             The game lasted 00:05:22 (1828 turns).

Dirtsage the Ruffian (Demonspawn Fighter)           Turns: 1828, Time: 00:05:23

Health: -1/41      AC:  9    Str: 19    XL:     5   Next: 48%
Magic:  5/5        EV:  9    Int:  9    God:
Gold:   42         SH:  4    Dex: 12    Spells: 4/4 levels left

rFire   . . .      SeeInvis .      - Unarmed
rCold   . . .      Faith    .    c - +0 buckler
rNeg    . . .      Spirit   .    b - +0 scale mail
rPois   .          Reflect  .    (helmet restricted)
rElec   .          Harm     .    (no cloak)
rCorr   .          Rampage  .    (no gloves)
Will    .....                    g - +2 pair of boots {Fly} Stlth
                                 (no amulet)
HPRegen 0.26/turn                (no ring)
MPRegen 0.09/turn                (no ring)

@: flying
A: hooves 1, horns 1, weakness stinger 1
a: no special abilities


You were on level 3 of the Dungeon.
You visited 1 branch of the dungeon, and saw 3 of its levels.

You collected 68 gold pieces.
You spent 26 gold pieces at shops.

Inventory:

Armour
 b - a +0 scale mail (worn)
 c - a +0 buckler (worn)
 e - a +0 pair of boots
 g - a +2 pair of boots of flying (worn)
Jewellery
 f - a +6 ring of intelligence
 W - a ring of wizardry
Wands
 D - a wand of digging (2)
Scrolls
 a - 2 scrolls of fog
 h - a scroll of vulnerability
 i - 2 scrolls of identify
 j - a scroll of magic mapping
 k - a scroll of enchant weapon {unknown}
 m - a scroll of enchant armour {unknown}
Potions
 d - a potion of might
 n - a potion of resistance


   Skills:
 - Level 3.0 Fighting
 - Level 2.5 Axes
 - Level 2.6 Armour
 - Level 2.6 Shields
 * Level 4.4 Unarmed Combat


You had 4 spell levels left.
You didn't know any spells.
Your spell library contained the following spells:

 Spells                   Type           Power      Damage    Failure   Level
 Beastly Appendage        Tmut           0%         N/A       86%         1
 Ensorcelled Hibernation  Hex/Ice        0%         N/A       94%         2
 Ignite Poison            Fire/Tmut/Pois 0%         N/A       99%         3
 Spider Form              Tmut/Pois      0%         N/A       99%         3
 Stone Arrow              Conj/Erth      0%         3d7       99%         3
 Anguish                  Hex/Necr       0%         N/A       100%        4
 Animate Armour           Summ/Erth      0%         N/A       100%        4
 Yara's Violent Unravell  Hex/Tmut       0%         3d3       100%        5
 Dragon Form              Tmut           0%         N/A       100%        7
 Enfeeble                 Hex            0%         N/A       100%        7
 Lehudib's Crystal Spear  Conj/Erth      0%         10d2      100%        8
 Necromutation            Tmut/Necr      0%         N/A       100%        8


Dungeon Overview and Level Annotations

Branches:
Dungeon (3/15)

Altars:

Shops:
D:2 ?   D:3 ?


Innate Abilities, Weirdness & Mutations

You have large cloven feet.
You have a pair of small horns on your head.
You have a small tail.


Message History

You hit the adder but do no damage.
Your tail-slap misses the adder.
The adder is lightly wounded.
The adder barely misses you.
You barely miss the adder. Your headbutt misses the adder.
The adder is lightly wounded.
The adder bites you but does no damage.
You closely miss the adder.
The adder is lightly wounded.
The adder closely misses you. The adder bites you but does no damage.
You closely miss the adder. Your headbutt misses the adder.
The adder is lightly wounded.
The adder bites you but does no damage.
You closely miss the adder.
Your tail-slap misses the adder.
The adder is lightly wounded.
The adder bites you.
You take 2 damage, and have 13/41 hp.
You punch the adder!
The adder is almost dead.
The adder bites you but does no damage.
You hit the adder.
You kill the adder!
The orc priest calls down the wrath of Beogh upon you.
Pain shoots through your body!
* * * LOW HITPOINT WARNING * * *
You take 9 damage, and have 4/41 hp.
MASSIVE DAMAGE!!
You hit the orc.
Your tail-slap misses the orc.
The orc is heavily wounded.
The orc hits you but does no damage.
You hit the orc.
You kill the orc!
The orc priest calls down the wrath of Beogh upon you.
Pain shoots through your body!
* * * LOW HITPOINT WARNING * * *
You take 3 damage, and have 1/41 hp.
The orc priest barely misses you.
Items here: ))) [[ †††.
You hit the orc priest.
The orc priest is moderately wounded.
The orc priest hits you with a +0 hand axe.
You die...

. ###.#. .. #..... #.< .. #.##[#
#.# #.#.###.##.# #.# o...#.##.#
#.# #.).##.# #.# .# #$.##.####.#
#.# #.##.o@.....#.########
######.###.###.###............##
#.......##.##..# ##....######...
#.......##.##..# ###......#####
#.......##[...## #.####.###
#...........^.# #.# #...#
#........#.#..# ##)# ###.#
#.####....(...######..######[###
##.#
#.....#...).......÷#........


You could see an orc priest.

Vanquished Creatures
  A necrophage (D:2)
  An orc wizard (D:3)
  4 adders (D:3)
  4 worms
  5 orcs (D:3)
  4 bats
  5 endoplasms
  A giant cockroach (D:3)
  7 hobgoblins
  4 quokkas
  4 ball pythons
  4 frilled lizards
  3 goblins
  11 kobolds
  8 rats
66 creatures vanquished.

Notes
Turn   | Place    | Note
-------+----------+-------------------------------------------
     0 | D:1      | Dirtsage the Demonspawn Fighter began the quest for the
                  | Orb.
     0 | D:1      | Reached XP level 1. HP: 18/18 MP: 1/1
    95 | D:1      | Discovered your monstrous ancestry.
    95 | D:1      | Gained mutation: You have a small tail. [demonic ancestry]
    95 | D:1      | Reached XP level 2. HP: 23/24 MP: 2/2
   349 | D:1      | Reached skill level 1 in Unarmed Combat
   701 | D:2      | Gained mutation: You have a pair of small horns on your
                  | head. [demonic ancestry]
   701 | D:2      | Reached XP level 3. HP: 27/29 MP: 3/3
   781 | D:2      | Reached skill level 2 in Unarmed Combat
   931 | D:2      | Found Qefutek's Magic Scroll Shoppe.
   932 | D:2      | Noticed a necrophage
   942 | D:2      | Killed a necrophage
   943 | D:2      | Reached skill level 3 in Unarmed Combat
   943 | D:2      | Reached XP level 4. HP: 35/35 MP: 4/4
   951 | D:2      | Bought a scroll of identify for 26 gold pieces
  1395 | D:3      | Found Robiekec's Magic Scroll Boutique.
  1479 | D:3      | Gained mutation: You have large cloven feet. [demonic
                  | ancestry]
  1479 | D:3      | Reached XP level 5. HP: 41/41 MP: 5/5
  1508 | D:3      | Reached skill level 4 in Unarmed Combat
  1764 | D:3      | Got the Anthology of Forms
  1826 | D:3      | HP: 1/41 [orc priest/nerve-wracking pain (4)]
  1828 | D:3      | Slain by an orc priest

Illustrated notes

Levels and vault maps discovered:
D:1:      dpeg_arrival_pits, layout_rooms
D:2:      layout_basic, serial_shops, nicolae_square_shop
D:3:      layout_rooms, serial_shops, nicolae_shop_advertising_works
          [nicolae_subvault_shop_adworks], minmay_misc_feat_tiny

Skill      XL: |  1  2  3  4  5 |
---------------+----------------+-----
Axes           | 2 |  2.5
Unarmed Combat | 1 3 4 |  4.4
Fighting       | |  3.0
Armour         | |  2.6
Shields        | |  2.6

Action                     |  1- 3 |  4- 6 || total
---------------------------+-------+-------++-------
  Melee: War axe           |    19 |       ||    19
         Unarmed           |   169 |    97 ||   266
         Tailslap          |    16 |     9 ||    25
         Headbutt          |     7 |    15 ||    22
    Use: Potion            |     1 |     1 ||     2
         Scroll            |       |     5 ||     5
 Armour: Scale mail        |   110 |    27 ||   137
  Dodge: Dodged            |    97 |    36 ||   133
  Block: Buckler           |    36 |    17 ||    53

Table legend: (Time is in decaauts)
 A = Elapsed time spent in this place.
 B = Non-inter-level travel time spent in this place.
 C = Inter-level travel time spent in this place.
 D = Time resting spent in this place.
 E = Time spent auto-exploring this place.
 F = Levels seen in this place.
 G = Mean time per level.
                   A        B        C        D        E       F      G
               +--------+--------+--------+--------+--------+-----+--------+
         Total |   1838 |   1795 |     43 |      0 |   1250 |   3 |  612.7 |
       Dungeon |   1838 |   1795 |     43 |      0 |   1250 |   3 |  612.7 |
               +--------+--------+--------+--------+--------+-----+--------+

Top non-repeatable levels by time:
     D:2: 758 daAuts
     D:1: 649 daAuts
     D:3: 430 daAuts
